 Dungeon Crawl Stone Soup version 0.24-a0-518-g9d8d8d5b78 (webtiles) character file.

Game seed: 16394595616025570377

252 Gargoyl the Skirmisher (level 5, 0/46 HPs)
             Began as a Centaur Abyssal Knight on July 23, 2019.
             Was a Believer of Lugonu.
             Slain by an iguana (5 damage)
             ... on level 5 of the Dungeon.
             The game lasted 00:05:05 (3704 turns).

Gargoyl the Skirmisher (Centaur Abyssal Knight)     Turns: 3704, Time: 00:05:06

Health: 0/46       AC:  9    Str: 14    XL:     5   Next: 89%
Magic:  7/7        EV:  4    Int: 11    God:    Lugonu [**....]
Gold:   249        SH:  4    Dex: 10    Spells: 4/4 levels left

rFire    . . .     SeeInvis .   a - +2 hand axe
rCold    . . .     Gourm    .   (no shield)
rNeg     + . .     Faith    .   d - +1 chain mail
rPois    .         Spirit   .   (helmet restricted)
rElec    .         Reflect  .   p - scarf {repulsion}
rCorr    .         Harm     .   (no gloves)
MR       .....                  (no barding)
Stlth    ..........             (no amulet)
HPRegen  0.15/turn              k - ring of positive energy
MPRegen  0.10/turn              (no ring)

@: repel missiles, very quick
A: large, antennae 1, hooves 3, large bone plates 1, deformed body, speed 2,
shaggy fur 1, tough skin 3, evolution 1
a: Depart the Abyss, Bend Space, Renounce Religion


You were on level 5 of the Dungeon.
You worshipped Lugonu.
Lugonu was pleased with you.
You were not hungry.

You visited 1 branch of the dungeon, and saw 5 of its levels.
You visited the Abyss 1 time.

You collected 249 gold pieces.

Inventory:

Hand Weapons
 a - a +2 hand axe (weapon)
Missiles
 o - 4 boomerangs (quivered)
Armour
 d - a +1 chain mail (worn)
 p - a scarf of repulsion (worn)
Jewellery
 k - a ring of positive energy (left hand)
Wands
 l - a wand of disintegration (7)
Scrolls
 e - 2 scrolls of identify
 n - a scroll of remove curse
Potions
 g - a potion of cancellation
 h - a potion of magic
 i - a potion of curing
Comestibles
 c - 6 rations


   Skills:
 + Level 4.0 Fighting
 + Level 3.2 Axes
 * Level 2.6 Armour
 * Level 1.5 Dodging
 * Level 3.0 Invocations


You had 4 spell levels left.
You didn't know any spells.
Your spell library was empty.

Dungeon Overview and Level Annotations

Branches:
Dungeon (5/15)
 Temple: D:4-7

Altars:
Fedhas
Hepliaklqana
Kikubaaqudgha
The Shining One

Annotations:
D:2 exclusion: oklob plant
D:4 3 runed translucent doors, Lexodia's ghost, amateur DEIE; Necrophagist's ghost, amateur HOFi


Innate Abilities, Weirdness & Mutations

You have hooves in place of feet.
Armour fits poorly on your strangely shaped body.
You cover ground very quickly.
You have extremely tough skin. (AC +3)
You have a pair of small antennae on your head.
You are partially covered in large bone plates. (SH +4)
You are covered in fur. (AC +1)
You evolve.


Message History

The iguana bites you but does no damage.
You hit the iguana.
The iguana is severely wounded.
The iguana bites you.
The iguana bites you but does no damage.
You hit the iguana. You kick the iguana, but do no damage.
The iguana is almost dead.
The iguana bites you.
* * * LOW HITPOINT WARNING * * *
You hit the iguana but do no damage.
The iguana is almost dead.
The iguana bites you!
* * * LOW HITPOINT WARNING * * *
You hit the iguana but do no damage. Your kick misses the iguana.
The iguana is almost dead.
The iguana bites you but does no damage.
You barely miss the iguana. Your kick misses the iguana.
The iguana is almost dead.
The iguana bites you.
You die...

..........#
..........#
..........#
..........#
.......<..##
#+#######...+ #.###
#l# #@# #.# #.# .
#.# .8. #.####
.....####....####
................#
##.#########..#.....
#..P.....


You could see an iguana.

Vanquished Creatures
  A scorpion (D:4)
  A bullfrog zombie (D:5)
  A worker ant (D:3)
  4 adders
  A shadow imp (D:5)
  An ooze (D:2)
  2 worms
  6 dart slugs
  5 leopard geckos
  7 orcs
  4 bats
  8 goblins
  8 hobgoblins
  A quokka (D:3)
  4 frilled lizards
  7 kobolds
  10 rats
71 creatures vanquished.

Notes
Turn   | Place    | Note
-------+----------+-------------------------------------------
     0 | Abyss:1  | Gargoyl the Centaur Abyssal Knight began the quest for the
                  | Orb.
     0 | Abyss:1  | Reached XP level 1. HP: 19/19 MP: 2/2
    51 | Abyss:1  | Noticed a ynoxinul
    72 | D:1      | Escaped the Abyss
   138 | D:1      | Reached * piety under Lugonu
   148 | D:1      | Reached XP level 2. HP: 26/26 MP: 3/3
   889 | D:2      | Reached skill level 1 in Dodging
   892 | D:2      | Reached XP level 3. HP: 31/31 MP: 4/4
  1057 | D:2      | Reached ** piety under Lugonu
  1362 | D:2      | Found a blossoming altar of Fedhas.
  1380 | D:2      | Noticed an oklob plant
  1451 | D:2      | Reached XP level 4. HP: 38/40 MP: 5/5
  1841 | D:3      | Found a hazy altar of Hepliaklqana.
  2441 | D:3      | Found an ancient bone altar of Kikubaaqudgha.
  2540 | D:4      | Found a runed translucent gate.
  2559 | D:4      | Found a runed translucent gate.
  2560 | D:4      | Found a runed translucent gate.
  2561 | D:4      | Noticed Necrophagist's ghost (amateur HOFi)
  2561 | D:4      | Noticed Lexodia's ghost (amateur DEIE)
  2580 | D:4      | Reached XP level 5. HP: 40/46 MP: 7/7
  2702 | D:4      | Found a glowing golden altar of the Shining One.
  3291 | D:4      | Reached skill level 4 in Fighting
  3398 | D:4      | Gained mutation: You have a pair of small antennae on your
                  | head. [potion of mutation]
  3398 | D:4      | Gained mutation: You are covered in fur. (AC +1) [potion of
                  | mutation]
  3398 | D:4      | Gained mutation: You are partially covered in large bone
                  | plates. (SH +4) [potion of mutation]
  3398 | D:4      | Gained mutation: You evolve. [potion of mutation]
  3400 | D:4      | HP: 1/46 [orc wizard/magic dart (8)]
  3501 | D:5      | Entered Level 5 of the Dungeon
  3704 | D:5      | Slain by an iguana

Levels and vault maps discovered:
D:1:      arrival_zaba_pyramid, layout_rooms
D:2:      layout_basic, tgw_fedhas
D:3:      layout_basic, marbit_many_paths, lemuel_tele_altar
D:4:      layout_basic, tso_metal_star, first_ration, gammafunk_ghost_cemetery
D:5:      layout_basic, nicolae_overflow_crystal_walls, minitemple,
          nicolae_ossuary_entry_plus, serial_shops, nicolae_shop_statue_plus,
          serial_bayou_pond_b

Skill      XL: |  1  2  3  4  5 |
---------------+----------------+-----
Axes           | 2 3 |  3.2
Dodging        | 1 |  1.5
Armour         | 2 |  2.6
Fighting       | 4 |  4.0
Invocations    | 3 |  3.0

Action                   |  1- 3 |  4- 6 || total
-------------------------+-------+-------++-------
Melee: Hand axe          |   110 |   124 ||   234
       Kick              |    21 |    28 ||    49
Invok: Depart the Abyss  |     1 |       ||     1
  Use: Scroll            |     5 |     6 ||    11
       Potion            |       |     8 ||     8
  Eat: Chunk             |       |     3 ||     3
       Ration            |       |     1 ||     1
Armor: Chain mail        |    74 |    64 ||   138
       Skin              |       |     2 ||     2
Dodge: Dodged            |    33 |    22 ||    55
Block: Other             |       |     5 ||     5

Table legend:
 A = Non-vault XP
 B = Vault XP
 C = Vault XP percentage of total XP
 D = Non-vault monster count
 E = Vault monster count
 F = Vault count percentage of total count
                 A         B        C        D         E       F
            +---------+---------+-------+---------+---------+-------
      Total |     312 |      48 |  13.3 |      69 |       2 |   2.8
            +---------+---------+-------+---------+---------+-------
        D:1 |      36 |       0 |   0.0 |      20 |       0 |   0.0
        D:2 |      62 |       0 |   0.0 |      23 |       0 |   0.0
        D:3 |      81 |       1 |   1.2 |      16 |       1 |   5.9
        D:4 |     121 |       0 |   0.0 |       9 |       0 |   0.0
        D:5 |      12 |      47 |  79.7 |       1 |       1 |  50.0
            +---------+---------+-------+---------+---------+-------
